 Zot Defence DCSS version 0.15.2 (webtiles) character file.

74 doot the Chopper (level 4, 0/2 (34) HPs)
             Began as a Demonspawn Gladiator on Mar 18, 2017.
             Rotted away (an ooze)
             ... in the Realm of Zot (Scenario I: Hall of Zot).
             The game lasted 00:05:36 (345 turns).

doot the Chopper (Demonspawn Gladiator)              Turns: 345, Time: 00:05:36

HP   0/2 (34)    AC  3     Str 16      XL: 4   Next:  9%
MP   4/4         EV 12     Int  9      God:
Gold 0           SH  0     Dex 14      Spells:  0 memorised,  3 levels left

rFire  . . .     SeeInvis .     a - +0 war axe
rCold  . . .     Clarity  .     b - +0 leather armour
rNeg   . . .     rCorr    .     (no shield)
rPois  .         rRot     .     (helmet restricted)
rElec  .         Spirit   .     (no cloak)
SustAb .         Warding  .     (no gloves)
rMut   .         Stasis   .     (no boots)
Gourm  .                        (no amulet)
MR     .....                    (no ring)
                                (no ring)

@: not resistant to hostile enchantments, very unstealthy
A: horns 2, spiny 1
a: Make oklob sapling, Make arrow trap, Make plant, Remove Curse


You were in the Realm of Zot.
You were not hungry.

You visited 1 branch

Inventory:

Hand weapons
 a - a +0 war axe (weapon)
Missiles
 d - 3 throwing nets (quivered)
Armour
 b - a +0 leather armour (worn)
 c - a +0 helmet
Comestibles
 f - a bread ration
Scrolls
 k - a scroll of blinking
Potions
 e - 3 potions of curing
 g - a potion of heal wounds
 h - a potion of haste
 i - 2 potions of magic
 j - a potion of berserk rage


   Skills:
 + Level 2.8 Fighting
 + Level 3.3 Axes
 + Level 2.0 Throwing
 + Level 3.3 Dodging


You had 3 spell levels left.
You didn't know any spells.

Dungeon Overview and Level Annotations

Branches:
    Zot (1/1)

Altars:


Innate Abilities, Weirdness & Mutations

You have a pair of horns on your head.
You are partially covered in sharp spines.


Message History

A rhizome shoots up through the ground and merges with vitriolic spirits in the atmosphere.
You see here the Orb of Zot.
Are you sure you want to leave the Orb unguarded?
Your flesh rots away as the Orb of Zot is desecrated.
Your flesh rots away as the Orb of Zot is desecrated.
You hit Guntaug.
Guntaug is lightly wounded.
Your flesh rots away as the Orb of Zot is desecrated.
You slash the ooze!
Your flesh rots away as the Orb of Zot is desecrated. x4
You headbutt the ooze, but do no damage.
The ooze is almost dead.
Your flesh rots away as the Orb of Zot is desecrated.
Guntaug bites you but does no damage.
Your flesh rots away as the Orb of Zot is desecrated. x3
Your flesh rots away as the Orb of Zot is desecrated. x2
Unknown command.
Your flesh rots away as the Orb of Zot is desecrated.
Ouch! That really hurt!
You die...

#▓∆∆▓ ▓∆∆▓# ▓▓▓▓▓▓▓▓▓ ▓▓▓▓▓▓▓
.....▓▓▓▓ ▓▓▓▓... ........▓▓▓
▓▓▓...... ..........▓▓ ▓▓........
...........▓ ▓▓▓▓▓▓▓▓▓ ▓.........
...........▓▓▓.......▓▓▓.........
...........▓▓....P....▓▓.........
...........▓....@...)..▓.........
................lJ.)%)...........
...........▓...........▓.........
...........▓▓.........▓▓%........
...........▓▓▓.......▓▓▓.........
...........# ▓▓▓▓▓▓▓▓▓ #.........
..........## ##........
........### ###...... .....####
####...


You could see Guntaug the iguana, an ooze and a friendly oklob sapling.

Vanquished Creatures
  An adder (Zot)
  A worm (Zot)
  2 oozes (Zot)
  A giant cockroach (Zot)
  4 goblins (Zot)
  5 kobolds (Zot)
  4 bats (Zot)
  A rat (Zot)
19 creatures vanquished.

Notes
Turn   | Place    | Note
--------------------------------------------------------------
     0 | Zot      | doot, the Demonspawn Gladiator, began the quest for the Orb.
     0 | Zot      | Reached XP level 1. HP: 16/16 MP: 1/1
   192 | Zot      | Reached skill level 3 in Axes
   192 | Zot      | Gained mutation: You have a pair of small horns on your head. [demonic ancestry]
   192 | Zot      | Reached XP level 2. HP: 22/22 MP: 2/2
   210 | Zot      | Gained mutation: You are partially covered in sharp spines. [demonic ancestry]
   210 | Zot      | Reached XP level 3. HP: 26/28 MP: 3/3
   339 | Zot      | Gained mutation: You have a pair of horns on your head. [demonic ancestry]
   339 | Zot      | Reached XP level 4. HP: 13/19 MP: 4/4
   345 | Zot      | Rotted away (an ooze)

Action                   |  1- 3 |  4- 6 || total
-------------------------+-------+-------++-------
Melee: War axe           |    41 |     1 ||    42
 Abil: Make oklob saplin |       |     1 ||     1
